 Dungeon Crawl Stone Soup version 0.22.0-21-g8bd1b0a (webtiles) character file.

56 Tarasboulda the Chiller (level 3, 0/24 HPs)
             Began as a Merfolk Ice Elementalist on Aug 19, 2018.
             Slain by an adder (4 damage)
             ... on level 2 of the Dungeon.
             The game lasted 00:06:57 (1601 turns).

Tarasboulda the Chiller (Merfolk Ice Elementalist)  Turns: 1601, Time: 00:06:58

Health: 0/24       AC:  2    Str:  8    XL:     3   Next: 95%
Magic:  6/6        EV: 14    Int: 14    God:
Gold:   100        SH:  0    Dex: 15    Spells: 5/6 levels left

rFire    . . .     SeeInvis .   f - +0 dagger
rCold    . . .     Gourm    .   (no shield)
rNeg     . . .     Faith    .   h - +0 robe
rPois    .         Spirit   .   (no helmet)
rElec    .         Reflect  .   (no cloak)
rCorr    .         Harm     .   (no gloves)
MR       .....                  (no boots)
Stlth    ++........             (no amulet)
HPRegen  0.08/turn              (no ring)
MPRegen  0.10/turn              (no ring)

@: no status effects
A: change form in water, swift swim, stealthy swim
a: no special abilities


You were on level 2 of the Dungeon.
You were not hungry.

You visited 1 branch of the dungeon, and saw 2 of its levels.

You collected 100 gold pieces.

Inventory:

Hand Weapons
 f - a +0 dagger (weapon)
Armour
 a - a +0 robe
 h - a +0 robe (worn)
Jewellery
 b - an uncursed amulet of regeneration {unknown}
Scrolls
 e - a scroll of random uselessness {unknown}
 g - a scroll of magic mapping {unknown}
Potions
 d - a potion of heal wounds {unknown}
Comestibles
 c - a ration


   Skills:
 + Level 3.6 Dodging
 + Level 3.0 Stealth
 - Level 2.0 Spellcasting
   Level 0.7 Conjurations
 * Level 4.3 Ice Magic


You had 5 spell levels left.
You knew the following spells:

 Your Spells              Type           Power        Failure   Level  Hunger
a - Freeze                Ice            ##..         4%          1    ##.....

Your spell library contained the following spells:

 Spells                   Type           Power        Failure   Level  Hunger
 Throw Frost              Conj/Ice       #.....       13%         2    ###....
 Ozocubu's Armour         Chrm/Ice       #.......     28%         3    ####...
 Throw Icicle             Conj/Ice       #.......     63%         4    #####..
 Summon Ice Beast         Ice/Summ       #.......     67%         4    #####..


Dungeon Overview and Level Annotations

Branches:
Dungeon (2/15)

Altars:


Message History

You hit the bullfrog zombie but do no damage.
The bullfrog zombie is moderately damaged.
The bullfrog zombie completely misses you.
You hit the bullfrog zombie.
The bullfrog zombie is moderately damaged.
The bullfrog zombie hits you. The bullfrog zombie barely misses you.
You hit the bullfrog zombie.
The bullfrog zombie is moderately damaged.
The bullfrog zombie hits you.
You hit the bullfrog zombie.
The bullfrog zombie is heavily damaged.
The bullfrog zombie closely misses you. The bullfrog zombie closely misses you.
The bullfrog zombie hits you.
* * * LOW HITPOINT WARNING * * *
An adder comes into view.
The bullfrog zombie closely misses you.
The adder hisses angrily.
The adder bites you.
You die...

...#..#.####..# .#
#..#.##.# #....
...#..#)##.# ##......
##.#..#<##.# ......
.....>รท.##.# ......
........##.### ###......
.............##.........
......S.)....^..#.......
####...@).....###.#.....
###.....Z...............
#...#........####.......
#.##...#.....##.....###.
..##...###...##.#..##
..#....##..(.#..#.##
.>...#.....##...#..###
..#....................
# ###...............###


You could see an adder and a bullfrog zombie.

Vanquished Creatures
  An ooze (D:1)
  A dart slug (D:1)
  A ball python (D:2)
  3 bats
  2 giant cockroaches (D:1)
  6 goblins
  9 hobgoblins
  4 jackals (D:2)
  A quokka (D:1)
  3 frilled lizards
  8 kobolds
  5 rats
44 creatures vanquished.

Vanquished Creatures (others)
  A frilled lizard (D:2)
1 creature vanquished.

Grand Total: 45 creatures vanquished

Notes
Turn   | Place    | Note
-------+----------+-------------------------------------------
     0 | D:1      | Tarasboulda the Merfolk Ice Elementalist began the quest for the Orb.
     0 | D:1      | Reached XP level 1. HP: 13/13 MP: 3/3
   103 | D:1      | Reached XP level 2. HP: 7/19 MP: 0/5
   768 | D:1      | Reached skill level 4 in Ice Magic
   768 | D:1      | Reached XP level 3. HP: 24/24 MP: 0/6
  1601 | D:2      | Slain by an adder

Skill      XL: |  1  2  3 |
---------------+----------+-----
Dodging        | 3 |  3.6
Ice Magic      | 4 |  4.3
Stealth        | 3 |  3.0
Spellcasting   | |  2.0
Conjurations   | |  0.7

Action                   || total
-------------------------++-------
Melee: Unarmed           ||    13
       Dagger            ||    43
 Cast: Freeze            ||    66
  Use: Scroll            ||     2
 Stab: Sleeping          ||     1
  Eat: Ration            ||     1
       Chunk             ||     1
Armor: Robe              ||    16
Dodge: Dodged            ||    97
